 Dungeon Crawl Stone Soup version 0.30-b1-2-g02819fbbbe (webtiles) character file.

Game seed: 6724066331185854588

17 Alarkh the Charlatan (level 2, 23/23 HPs)
             Began as a Demonspawn Artificer on Nov 26, 2023.
             Got out of the dungeon alive.
             The game lasted 00:00:29 (278 turns).

Alarkh the Charlatan (Demonspawn Artificer)          Turns: 278, Time: 00:00:30

Health: 23/23      AC:  3    Str: 12    XL:     2   Next: 44%
Magic:  2/2        EV: 11    Int: 12    God:
Gold:   0          SH:  0    Dex: 13    Spells: 1/1 levels left

rFire   . . .        a - +0 club
rCold   . . .        (no shield)
rNeg    . . .        b - +0 leather armour
rPois   .            (no helmet)
rElec   .            (no cloak)
rCorr   .            (no gloves)
SInv    .            (no boots)
Will    .....        (no amulet)
Stlth   +            (no ring)
HPRegen 0.23/turn    (no ring)
MPRegen 0.08/turn

%: no passive effects
@: no status effects
A: sanguine armour 1
a: no special abilities


You escaped.
You visited 1 branch of the dungeon, and saw 1 of its levels.

Inventory:

Hand Weapons
 a - a +0 club (weapon)
Armour
 b - a +0 leather armour (worn)
Wands
 c - a wand of flame (15) (quivered)
 d - a wand of charming (15)
 e - a wand of iceblast (3)
Scrolls
 f - a scroll of teleportation {unknown}
Potions
 g - a potion of magic {unknown}
 h - a potion of mutation {unknown}


   Skills:
 + Level 2.5 Fighting
 - Level 1.7 Armour
 - Level 0.8 Dodging
 - Level 0.8 Stealth
 - Level 3.0 Evocations


You had one spell level left.
You didn't know any spells.
Your spell library was empty.

Dungeon Overview and Level Annotations

Branches:
Dungeon (1/15)

Altars:


Innate Abilities, Weirdness & Mutations

When seriously injured, your blood forms armour. (AC +0)


Message History

The rat bites you.
You are too injured to fight recklessly!
You are too injured to fight recklessly!
You are too injured to fight recklessly!
You are too injured to fight recklessly!
You hit the rat.
You kill the rat!
A goblin comes into view. It is wielding a +0 dagger.
The goblin shouts!
You hit the goblin but do no damage.
A bat comes into view.
The goblin hits you but does no damage.
You hit the goblin.
The goblin is moderately wounded.
A rat comes into view.
The goblin attacks as you move away! The goblin hits you but does no damage.
Aiming: Iceblast
Press: ? - help, Shift-Dir - straight line The mass of ice explodes!
The iceblast engulfs the goblin!!
You kill the goblin!
The iceblast engulfs the goblin!
You kill the goblin!
The iceblast engulfs the bat!!
You kill the bat!
You see here a fizzy brown potion.
h - a fizzy brown potion You barely miss the rat.
The rat bites you but does no damage. The rat barely misses you.
You closely miss the rat. The rat closely misses you.
You closely miss the rat. The rat closely misses you.
You hit the rat.
You kill the rat!
Things that are here:
a +0 club; a goblin corpse Your blood armour dries and flakes away.
Things that are here:
a +0 club; a goblin corpse
There is a staircase leading out of the dungeon here.
Are you sure you want to leave the Dungeon?
This will make you lose the game!
You have escaped!

#.####........##.......##
#....##.###.###.........#
#######.##(..##....♣....#
##...##...........#
#########.......##
###...######...###
##.[.....## ###.####
#.........# ###...###
#....@....####.......#
#..........##.........
##.......##......♣....
###...######.........
##### ##.......#
###...### #####


There were no monsters in sight!

Vanquished Creatures
  2 ball pythons (D:1)
  2 bats (D:1)
  An endoplasm (D:1)
  A giant cockroach (D:1)
  3 goblins (D:1)
  A hobgoblin (D:1)
  2 frilled lizards (D:1)
  4 rats (D:1)
16 creatures vanquished.

Notes
Turn   | Place    | Note
-------+----------+-------------------------------------------
     0 | D:1      | Alarkh the Demonspawn Artificer began the quest for the
                  | Orb.
     0 | D:1      | Reached XP level 1. HP: 15/15 MP: 1/1
   158 | D:1      | Gained mutation: When seriously injured, your blood forms
                  | armour. (AC +0) [demonic ancestry]
   158 | D:1      | Reached XP level 2. HP: 9/22 MP: 2/2
   278 | D:$      | Got out of the dungeon alive.

Illustrated notes

Levels and vault maps discovered:
D:1:      dpeg_arrival_three_same_balls, layout_loops_ring,
          minmay_close_crescents

Skill      XL: |  1 |
---------------+----+-----
Fighting       | 2 |  2.5
Armour         | |  1.7
Dodging        | |  0.8
Stealth        | |  0.8
Evocations     | |  3.0

Action                     || total
---------------------------++-------
  Melee: Club              ||    43
  Evoke: Wand              ||     2
 Armour: Leather armour    ||    23
  Dodge: Dodged            ||    56
